 Dungeon Crawl Stone Soup version 0.30.1 (webtiles) character file.

Game seed: 9850788124268565464

92880 Pelmen the Eclecticist (level 15, -15/99 HPs)
             Began as a Purple Draconian Fire Elementalist on July 3, 2023.
             Was a High Priest of Sif Muna.
             Engulfed by a cloud of freezing vapour (31 damage)
             ... in an ice cave.
             The game lasted 01:55:24 (31901 turns).

Pelmen the Eclecticist (DrFE)                      Turns: 31901, Time: 01:55:25

Health: -15/99     AC: 18    Str: 15    XL:     15   Next: 59%
Magic:  29/36      EV: 15    Int: 32    God:    Sif Muna [*****.]
Gold:   1475       SH:  8    Dex:  7    Spells: 18/49 levels left

rFire   + + +        g - +5 short sword
rCold   . . .        x - +3 buckler
rNeg    . . .        (body armour unavailable)
rPois   .            k - +2 hat
rElec   .            O - +1 cloak of Starlight {*Dazzle EV+4 Stlth--}
rCorr   +            (no gloves)
SInv    +            o - +4 pair of boots of the Quahog {rF+++ Str+3 Dex-4}
Will    +++..        t - amulet of regeneration Stlth
                     n - ring "Puyr" {Fire Will+ Int+4}
HPRegen 1.16/turn    u - ring of Fyjo {rCorr Int+6 SInv}
MPRegen 0.25/turn

%: no passive effects
@: short of breath, slowed, unable to read, very slow
A: breathe power, AC +9, unfitting armour, cold-blooded, cold resistance 1,
inability to read after injury 1
a: Breathe Dispelling Energy, Renounce Religion, Channel Magic, Forget Spell,
Divine Exegesis


You were in an ice cave.
You worshipped Sif Muna.
Sif Muna was extremely pleased with you.
You visited 3 branches of the dungeon, and saw 19 of its levels.
You also visited: Gauntlet and Ice Cave.

You collected 1655 gold pieces.
You spent 180 gold pieces at shops.

Inventory:

Hand Weapons
 f - the +2 Maxwell's thermic engine {flame, freeze, rev}
   (You found it on level 5 of the Lair of Beasts)
 g - a +5 short sword (weapon)
Missiles
 p - a throwing net
Armour
 k - a +2 hat (worn)
 o - the +4 pair of boots of the Quahog (worn) {rF+++ Str+3 Dex-4}
   (You acquired it on level 8 of the Dungeon)

   Str:       It affects your strength (+3).
   Dex:       It affects your dexterity (-4).
   rF:        It renders you almost immune to fire.
 x - a +3 buckler (worn)
 O - the +1 cloak of Starlight (worn) {*Dazzle EV+4 Stlth--}
   (You found it on level 11 of the Dungeon)

   *Dazzle:   It may blind those who miss an attack against the wearer in melee
   combat.
   EV:        It affects your evasion (+4).
   Stlth:     It makes you much less stealthy.
Jewellery
 h - a ring of poison resistance
 j - a +4 ring of protection
 n - the ring "Puyr" (left hand) {Fire Will+ Int+4}
   (You acquired it on level 9 of the Dungeon)

   [ring of fire]

   It enhances your fire magic.
   Int:       It affects your intelligence (+4).
   rF:        It protects you from fire.
   rC:        It makes you vulnerable to cold.
   Will:      It increases your willpower.
 q - a ring of see invisible
 t - an amulet of regeneration (around neck)
 u - the ring of Fyjo (right hand) {rCorr Int+6 SInv}
   (You found it in a Gauntlet)

   [ring of see invisible]

   Int:       It affects your intelligence (+6).
   SInv:      It lets you see invisible.
   rCorr:     It protects you from acid and corrosion.
 v - an amulet of magic regeneration
 B - a ring of positive energy
 D - a ring of magical power
 E - a ring of wizardry
 G - a ring of ice
 J - a ring of resist corrosion
 L - a +6 ring of strength
Wands
 a - a wand of flame (17)
 w - a wand of paralysis (4)
 R - a wand of digging (7)
Scrolls
 e - 3 scrolls of poison
 m - 3 scrolls of amnesia
 r - 2 scrolls of enchant weapon
 s - 5 scrolls of identify
 y - 3 scrolls of vulnerability
 A - 5 scrolls of immolation
 F - a scroll of enchant armour
 M - a scroll of fog
 P - 2 scrolls of teleportation
 T - a scroll of brand weapon
Potions
 b - 11 potions of might
 c - 4 potions of brilliance
 d - 2 potions of degeneration
 i - a potion of invisibility
 l - 4 potions of curing
 z - a potion of cancellation
 C - a potion of flight
 I - a potion of attraction
 K - a potion of resistance
 N - a potion of lignification
Miscellaneous
 H - a condenser vane


   Skills:
 + Level 7.6 Short Blades
 - Level 1.7 Dodging
 - Level 1.7 Stealth
 - Level 10.0 Shields
 * Level 17.6 Spellcasting
 + Level 10.0 Conjurations
 - Level 2.8 Translocations
 + Level 12.3 Fire Magic
 - Level 0.6 Invocations
 + Level 9.0 Evocations


You had 18 spell levels left.
You knew the following spells:

 Your Spells              Type           Power      Damage    Failure   Level
a - Foxfire               Conj/Fire      100%       2x1d9     0%          1
b - Searing Ray           Conj           100%       2d8       1%          2
c - Volatile Blastmotes   Fire/Tloc      100%       2d18      1%          3
d - Magic Dart            Conj           100%       1d8       1%          1
e - Scorch                Fire           100%       2d9       0%          2
f - Inner Flame           Hex/Fire       79%        N/A       1%          3
g - Flame Wave            Conj/Fire      99%        2d21      1%          4
h - Starburst             Conj/Fire      49%        6d14      2%          6
i - Fire Storm            Conj/Fire      49%        8d13      100%        9

Your spell library contained the following spells:

 Spells                   Type           Power      Damage    Failure   Level
 Apportation              Tloc           92%        N/A       1%          1
 Necrotise                Necr           100%       1d9       1%          1
 Summon Small Mammal      Summ           100%       N/A       1%          1
 Lesser Beckoning         Tloc           92%        N/A       1%          2
 Dazzling Flash           Conj/Hex       100%       N/A       1%          3
 Gell's Gravitas          Tloc           46%        N/A       1%          3
 Teleport Other           Tloc           46%        N/A       1%          3
 Fulminant Prism          Conj/Hex       28%        3d14      1%          4
 Iskenderun's Mystic Bla  Conj/Tloc      62%        2d13      1%          4
 Wereblood                Tmut           28%        N/A       2%          2
 Spider Form              Tmut/Pois      28%        N/A       4%          3
 Vampiric Draining        Necr           28%        2d8       4%          3
 Passage of Golubria      Tloc           46%        N/A       4%          4
 Irradiate                Conj/Tmut      28%        3d21      6%          5
 Animate Dead             Necr           28%        N/A       16%         4
 Ice Form                 Ice/Tmut       28%        N/A       16%         4
 Leda's Liquefaction      Hex/Erth       14%        N/A       16%         4
 Summon Forest            Summ/Tloc      18%        N/A       26%         5
 Lee's Rapid Deconstruct  Erth           14%        3d9*      41%         5
 Silence                  Hex/Air        14%        N/A       41%         5
 Yara's Violent Unravell  Hex/Tmut       14%        3d7       41%         5
 Eringya's Noxious Bog    Tmut/Pois      14%        N/A       94%         6
 Statue Form              Tmut/Erth      18%        N/A       94%         6
 Haunt                    Necr/Summ      14%        N/A       100%        7
 Summon Hydra             Summ           14%        N/A       100%        7
 Infestation              Necr           14%        N/A       100%        8
 Lehudib's Crystal Spear  Conj/Erth      28%        10d8      100%        8
 Necromutation            Tmut/Necr      14%        N/A       100%        8
 Shatter                  Erth           14%        3d14*     100%        9


Dungeon Overview and Level Annotations

Branches:
Dungeon (13/15)            Temple (1/1) D:4            Lair (5/5) D:11
 Shoals (0/4) Lair:3        Snake (0/4) Lair:2        Slime (0/5) Lair:5
    Orc (0/2) D:10          IceCv (1/1)             Gauntlet (visited)
 Vaults: D:13-14

Altars:
Ashenzari
Cheibriados
Dithmenos
Elyvilon
Fedhas
Gozag
Hepliaklqana
Kikubaaqudgha
Makhleb
Nemelex Xobeh
Okawaru
Qazlal
Ru
Sif Muna
Trog
Uskayaw
Vehumet
Wu Jian
Xom
Yredelemnul
Zin
The Shining One

Shops:
D:5 [   D:9 =   D:10 =   D:11 =


Innate Abilities, Weirdness & Mutations

You can breathe bolts of dispelling energy.
Your rich purple scales are hard. (AC +9)
You cannot fit into any form of body armour.
You are cold-blooded and may be slowed by cold attacks.
Your flesh is cold resistant. (rC+)
You occasionally lose the ability to read scrolls when taking damage.


Message History

You are engulfed in freezing vapours.
You feel as though you will be slow longer.
You hear a bellow!
You hear an angry growl.
You hear a bellow!
The wolf bites you but does no damage. The wolf closely misses you.
The polar bear is no longer more vulnerable to fire.
You block the wolf's attack. The wolf bites you. You block the wolf's attack.
Magic courses through your body.
You are engulfed in freezing vapours.
You feel threatened and lose the ability to read scrolls!
The wolf is engulfed in freezing vapours.
You block the wolf's attack.
The polar bear is engulfed in freezing vapours.
The wolf is engulfed in freezing vapours.
The wolf closely misses you.
The polar bear is engulfed in freezing vapours.
You are too injured to fight recklessly!
Unknown command.
You feel better.
You are engulfed in freezing vapours.
You feel as though you will be slow longer.
The wolf is engulfed in freezing vapours.
The wolf dies!
The polar bear is engulfed in freezing vapours.
You feel better.
You are engulfed in freezing vapours.
You feel as though you will be slow longer.
* * * LOW HITPOINT WARNING * * *
The polar bear is engulfed in freezing vapours.
The polar bear bites you but does no damage.
The polar bear claws you.
* * * LOW HITPOINT WARNING * * *
You block the polar bear's attack.
The polar bear is engulfed in freezing vapours.
The polar bear bites you but does no damage.
The polar bear misses you. The polar bear completely misses you.
Aiming: Breathe Dispelling Energy (1% risk of failure)
Press: ? - help, Shift-Dir - straight line, f - polar bear
Aim: a polar bear (freezing vapour, severely wounded, 70% to hit)
You breathe a bolt of dispelling energy.
The bolt of dispelling energy hits the polar bear!
The polar bear is almost dead.
You are engulfed in freezing vapours.
You die...

# ##############
#.#.#.#@§...#†.#
#...#h○☼°.#.∩.#
#○§##§°##.†##
###§.####.∩.#
#††.## #...#
#.†### #...#
..h#.. #...##
####.### ##...
.. #..#


You could see a polar bear.

Vanquished Creatures
  A dire elephant (Lair:5)
  A minotaur (Gauntlet)
  The ghost of raetorn the Eclecticist, a journeyman DjFE of Jiyva (D:11)
  Snorg (D:13)
  Fannar (Lair:2)
  Josephine (D:13)
  4 hydras
  A boulder beetle (D:11)
  3 two-headed ogres
  2 death yaks (Lair:5)
  A tengu warrior (D:10)
  A soul eater (Gauntlet)
  A lindwurm (Lair:5)
  A deep elf pyromancer (D:12)
  2 necromancers
  An oklob plant (D:6)
  5 cyclopes
  3 manticores
  A torpor snail (Lair:3)
  22 elephants
  Maurice (D:8)
  4 black mambas
  3 gargoyles
  A guardian serpent (Lair:2)
  A minotaur zombie (Gauntlet)
  10 cane toads
  A rime drake (Lair:1)
  6 komodo dragons
  2 ice devils (D:13)
  A tengu conjurer (D:10)
  4 trolls
  11 polar bears
  12 dream sheep
  A raiju (Lair:5)
  10 blink frogs
  2 slime creatures (D:10)
  A jumping spider (shapeshifter) (D:13)
  Sigmund (D:2)
  3 shadows
  43 yaks
  3 vampires
  6 wraiths
  3 basilisks
  5 steam dragons
  3 wyverns
  13 vampire mosquitoes
  6 wargs
  2 acid dragons (D:10)
  15 water moccasins
  16 hell hounds
  An ice beast (D:5)
  14 black bears
  7 orc warriors
  2 ogres
  23 wolves
  3 centaurs
  A phantom (D:5)
  8 bullfrogs
  2 kobold brigands
  8 scorpions
  A gnoll sergeant (D:4)
  4 killer bees
  6 electric eels
  5 howler monkeys
  A hound (D:6)
  7 jellies
  2 sleepcaps (D:7)
  6 orc priests
  2 gnoll boudas
  5 iguanas
  Terence (D:1)
  Natasha (thrice) (D:3)
  8 orc wizards
  2 polar bear simulacra (D:12)
  8 hell rats
  2 yak simulacra (D:12)
  3 wolf simulacra (D:12)
  Robin (D:3)
  11 gnolls
  9 adders
  4 shadow imps
  2 ufetubi
  3 worms
  4 dart slugs
  47 orcs
  12 bats
  22 endoplasms
  6 giant cockroaches
  12 goblins
  11 hobgoblins
  18 kobolds
  3 quokkas
  2 ball pythons (D:1)
  4 frilled lizards
  4 rats
  2 river rat simulacra (D:12)
556 creatures vanquished.

Vanquished Creatures (collateral kills)
  6 foxfires (Lair:2)
6 creatures vanquished.

Vanquished Creatures (others)
  A wolf (IceCv)
  An orc wizard (D:8)
  453 foxfires
455 creatures vanquished.

Grand Total: 1017 creatures vanquished

Notes
Turn   | Place    | Note
-------+----------+-------------------------------------------
     0 | D:1      | Pelmen the Draconian Fire Elementalist began the quest for
                  | the Orb.
     0 | D:1      | Reached XP level 1. HP: 14/14 MP: 3/3
   377 | D:1      | Reached XP level 2. HP: 20/20 MP: 0/5
  1281 | D:2      | Noticed Terence
  1470 | D:2      | Noticed Sigmund
  1785 | D:1      | Reached XP level 3. HP: 26/26 MP: 7/7
  1788 | D:1      | Learned a level 2 spell: Searing Ray
  1793 | D:1      | Learned a level 3 spell: Volatile Blastmotes
  1795 | D:1      | Learned a level 1 spell: Magic Dart
  2262 | D:1      | Killed Terence
  2263 | D:1      | Reached skill level 3 in Spellcasting
  2346 | D:2      | Killed Sigmund
  2347 | D:2      | Reached skill level 4 in Spellcasting
  2347 | D:2      | Reached XP level 4. HP: 26/33 MP: 2/10
  2347 | D:2      | Reached XP level 5. HP: 30/38 MP: 2/11
  2894 | D:3      | Noticed Robin
  2907 | D:3      | Killed Robin
  2923 | D:3      | Reached XP level 6. HP: 29/45 MP: 10/12
  3453 | D:3      | Found a faded altar of an unknown god.
  3556 | D:3      | Found a glowing golden altar of the Shining One.
  3579 | D:3      | Noticed Natasha
  3585 | D:3      | Killed Natasha
  3586 | D:3      | Reached skill level 1 in Short Blades
  4042 | D:3      | Noticed Natasha
  4047 | D:3      | Killed Natasha
  4233 | D:3      | Noticed Natasha
  4236 | D:3      | Killed Natasha
  4307 | D:3      | Reached skill level 5 in Spellcasting
  4580 | D:4      | Your scales start taking on a rich purple colour.
  4580 | D:4      | Reached skill level 6 in Spellcasting
  4580 | D:4      | Reached XP level 7. HP: 50/50 MP: 8/16
  4583 | D:4      | Learned a level 2 spell: Scorch
  4889 | D:4      | Found an ancient bone altar of Kikubaaqudgha.
  5123 | D:4      | Reached skill level 7 in Spellcasting
  5123 | D:4      | Reached skill level 5 in Fire Magic
  5220 | D:4      | Found a staircase to the Ecumenical Temple.
  5271 | Temple   | Entered the Ecumenical Temple
  5445 | Temple   | Became a worshipper of Sif Muna the Loreminder
  5679 | D:4      | Found a hazy altar of Hepliaklqana.
  5679 | D:4      | Found a radiant altar of Vehumet.
  5988 | D:4      | Gained mutation: Your flesh is cold resistant. (rC+)
                  | [potion of mutation]
  5988 | D:4      | Gained mutation: You occasionally lose the ability to read
                  | scrolls when taking damage. [potion of mutation]
  6189 | D:5      | Entered Level 5 of the Dungeon
  6338 | D:5      | Reached skill level 8 in Spellcasting
  6425 | D:5      | Reached XP level 8. HP: 54/57 MP: 11/20
  7241 | D:5      | Found a sacrificial altar of Ru.
  7258 | D:5      | Reached * piety under Sif Muna
  7259 | D:5      | Reached skill level 9 in Spellcasting
  7416 | D:5      | Found Kuuwukim's Armour Shop.
  7643 | D:5      | Identified the +8 mace of Disembowelment {freeze, Will+
                  | Int-4 Dex+6 SInv}
  7700 | D:5      | Found a white marble altar of Elyvilon.
  7853 | D:6      | Reached skill level 10 in Spellcasting
  8002 | D:6      | Reached XP level 9. HP: 62/62 MP: 16/23
  8297 | D:6      | Noticed an oklob plant
  8589 | D:6      | Learned a level 3 spell: Inner Flame
  8806 | D:6      | Reached skill level 11 in Spellcasting
  8976 | D:6      | Identified the +6 quarterstaff "Draconian's Regret" {drain,
                  | +Blink rCorr}
  9438 | D:6      | Learned a level 4 spell: Flame Wave
  9777 | D:6      | Killed an oklob plant
 10104 | D:7      | Reached skill level 12 in Spellcasting
 10239 | D:7      | Found an opulent altar of Gozag.
 10263 | D:7      | Found an iron altar of Okawaru.
 11054 | D:8      | Noticed Maurice
 11213 | D:8      | Reached XP level 10. HP: 69/69 MP: 17/26
 11316 | D:8      | Identified a scroll of acquirement
 11316 | D:8      | Acquired the +4 pair of boots of the Quahog {rF+++ Str+3
                  | Dex-4}
 11953 | D:8      | Killed Maurice
 11954 | D:8      | Reached skill level 13 in Spellcasting
 11963 | D:8      | Learned a level 6 spell: Starburst
 13053 | D:9      | Reached skill level 14 in Spellcasting
 13053 | D:9      | Reached skill level 1 in Translocations
 13088 | D:9      | Found an ornate altar of the Wu Jian Council.
 13229 | D:9      | Found Litosuv's Jewellery Shop.
 13453 | D:10     | Entered Level 10 of the Dungeon
 13453 | D:10     | Found a broken altar of Ashenzari.
 13565 | D:10     | Reached skill level 5 in Conjurations
 13676 | D:10     | Reached ** piety under Sif Muna
 13963 | D:10     | Reached XP level 11. HP: 74/74 MP: 20/29
 14423 | D:10     | Found a staircase to the Orcish Mines.
 14649 | D:10     | Noticed a centaur warrior
 14652 | D:10     | Noticed a tengu warrior
 14728 | D:10     | Found Mufudi's Jewellery Boutique.
 14904 | D:10     | Reached skill level 1 in Shields
 14904 | D:10     | Reached skill level 1 in Evocations
 15165 | D:10     | Noticed a death knight
 15175 | D:10     | Killed a tengu warrior
 15180 | D:10     | Noticed a boulder beetle
 15423 | D:9      | Acquired the ring "Puyr" {Fire Will+ Int+4}
 15516 | D:10     | Bought a ring of see invisible for 180 gold pieces
 16405 | D:11     | Found Wizor's Jewellery Shoppe.
 16647 | D:11     | Noticed a boulder beetle
 16682 | D:11     | Found a runed translucent gate.
 16682 | D:11     | Noticed raetorn's ghost (journeyman DjFE)
 16682 | D:11     | Identified the +1 chain mail "Emoajen" {rN+ MP+9}
 16683 | D:11     | Found a runed translucent gate.
 16684 | D:11     | Found a runed translucent gate.
 16729 | D:11     | Noticed a two-headed ogre
 16735 | D:11     | Killed a two-headed ogre
 16790 | D:11     | Found a staircase to the Lair.
 16799 | Lair:1   | Entered Level 1 of the Lair of Beasts
 16886 | Lair:1   | Reached *** piety under Sif Muna
 17114 | Lair:1   | Reached skill level 5 in Shields
 17259 | Lair:1   | Reached skill level 15 in Spellcasting
 17272 | Lair:1   | Reached XP level 12. HP: 81/81 MP: 17/31
 17276 | Lair:1   | Reached skill level 10 in Fire Magic
 18535 | Lair:2   | Noticed a four-headed hydra
 18543 | Lair:2   | Killed a four-headed hydra
 18789 | Lair:2   | Reached skill level 5 in Evocations
 19012 | Lair:2   | Got the Atlas of Luminous Diablerie
 19143 | Lair:2   | Found a staircase to the Snake Pit.
 19958 | Lair:3   | Found a staircase to the Shoals.
 20059 | Lair:3   | Reached **** piety under Sif Muna
 20132 | Lair:3   | Noticed Fannar
 20401 | Lair:2   | Killed Fannar
 21690 | Lair:4   | Reached XP level 13. HP: 86/86 MP: 20/32
 22277 | Lair:3   | Reached skill level 5 in Short Blades
 22870 | Lair:4   | Identified the +5 long sword "Duaf" {freeze, rN+}
 23248 | Lair:5   | Entered Level 5 of the Lair of Beasts
 23259 | Lair:5   | Learned a level 9 spell: Fire Storm
 23547 | Lair:5   | Reached ***** piety under Sif Muna
 23668 | Lair:5   | Noticed a dire elephant
 23687 | Lair:5   | Received a gift from Sif Muna
 24107 | Lair:5   | Reached skill level 16 in Spellcasting
 24345 | Lair:5   | Killed a dire elephant
 24931 | Lair:5   | Found a staircase to the Slime Pits.
 26204 | Lair:5   | Reached XP level 14. HP: 79/93 MP: 0/34
 27011 | Lair:5   | Reached skill level 10 in Shields
 27107 | Lair:5   | Found the +2 Maxwell's thermic engine {flame, freeze, rev}
 27487 | Lair:5   | Received a gift from Sif Muna
 27724 | Lair:5   | Got Sif Muna's Tractate on Mercurial Terra Firma {god gift}
 27936 | D:11     | Found the +1 cloak of Starlight {*Dazzle EV+4 Stlth--}
 27997 | D:11     | Killed raetorn's ghost
 28845 | D:12     | Found a gate leading to a gauntlet.
 28850 | Gauntlet | Entered a Gauntlet
 28850 | Gauntlet | Found a transporter.
 28859 | Gauntlet | Found a transporter.
 28874 | Gauntlet | Found a transporter.
 28879 | Gauntlet | Found a transporter.
 28896 | Gauntlet | Found a transporter.
 28914 | Gauntlet | Found a transporter.
 28926 | Gauntlet | Found a transporter.
 28945 | Gauntlet | Found a transporter.
 28957 | Gauntlet | Found a transporter.
 28963 | Gauntlet | Found a transporter.
 28963 | Gauntlet | Found a transporter.
 28978 | Gauntlet | Found a transporter.
 28997 | Gauntlet | Found a transporter.
 29014 | Gauntlet | Found a transporter.
 29039 | Gauntlet | Found a transporter.
 29059 | Gauntlet | Found a transporter.
 29249 | Gauntlet | Found a transporter.
 29337 | Gauntlet | Found a transporter.
 29879 | Gauntlet | Reached skill level 17 in Spellcasting
 29879 | Gauntlet | Reached XP level 15. HP: 99/99 MP: 34/36
 29902 | Gauntlet | Identified the ring of Fyjo {rCorr Int+6 SInv}
 29931 | Gauntlet | Identified the +7 arbalest of the Distant Future {freeze,
                  | rC+ rN+ rCorr}
 29931 | Gauntlet | Identified the +1 shadow dragon scales of Polytheism
                  | {Rampage Fly rC- Stlth++++}
 31396 | D:13     | Noticed Snorg
 31403 | D:13     | Killed Snorg
 31409 | D:13     | Noticed Josephine
 31562 | D:13     | Reached skill level 10 in Conjurations
 31565 | D:13     | Killed Josephine
 31614 | D:13     | Found a frozen archway.
 31655 | IceCv    | Entered an ice cave
 31901 | IceCv    | Engulfed by a cloud of freezing vapour

Illustrated notes

Levels and vault maps discovered:
D:1:      lemuel_arrival_behind_the_door_large, layout_loops_cross,
          minmay_quantized
D:2:      layout_loops_ring, kennysheep_decorative_pillar,
          dreamdust_princess_bridge, grunt_ministairs_9, minmay_tromino_v4_b,
          uniq_terence, uniq_sigmund
D:3:      layout_loops_corners, mainiacjoe_overflow_small_starburst,
          shapermc_ecumenical_altar_mp_highgroup, minmay_surrounded,
          uniq_natasha, uniq_robin
D:4:      layout_loops_cross, lemuel_crystal_altar,
          gammafunk_temple_overflow_pools, minmay_temple_entry_waves,
          reono_crystal_passage, st_stairs_13
D:5:      layout_loops_cross, nicolae_overflow_crystal_walls, elyvilon_altar_4,
          serial_shops, nicolae_shop_back_alley_shop, minmay_misc_feat_chi,
          patterned_corridor
D:6:      lemuel_slime, layout_loops_ring, uniq_crazy_yiuf_cottage
D:7:      layout_loops_ring, lemuel_round_altar, lemuel_crystal_altar,
          kennysheep_opposing_triangles
D:8:      layout_cave_pods, uniq_maurice
D:9:      layout_roguey, mainiacjoe_overflow_catwalk, serial_shops, shop
D:10:     layout_roguey, nicolae_ashenzari_skybound, david_orc_3, serial_shops,
          shop, minivault_28
D:11:     layout_basic, lair_entry_dummy, biasface_ghost_orc_armoury,
          serial_shops, shop, kennysheep_donut
D:12:     layout_irregular_city, gauntlet_entry_generic, eino_house_with_fridge
D:13:     layout_cave_pods, grunt_vaults_entry_fortified,
          portal_ice_cave_demonic_guard, vehumet_statue, uniq_frances,
          uniq_snorg, uniq_josephine
Temple:   chequers_temple_sunken
Lair:1:   layout_cave_pods, grunt_megastairs_3, infiniplex_staircase_pool_2
Lair:2:   layout_gridlike, minmay_snake_entry_spellcaster,
          infiniplex_staircase_pool, serial_bayou_shore_a
Lair:3:   layout_regular_city, elwin_shoals_entry_rocks, serial_bayou_ford_a,
          minmay_stone_trees_small, roderic_batcave,
          hangedman_lair_unloving_vines, uniq_fannar
Lair:4:   layout_cave_pods, grunt_megastairs_5
Lair:5:   hangedman_lair_in_review, layout_cave_pods,
          hangedman_lair_caniforms_friends, nicolae_slime_entry_slimehenge
IceCv:    ice_cave_caverns_02

Skill      XL: |  1  2  3  4  5  6  7  8  9 10 11 12 13 14 15 |
---------------+----------------------------------------------+-----
Spellcasting   | 4 6 8 10 12 14 15 16 17 | 17.6
Conjurations   | 2 3 4 5 6 8 9 10 | 10.0
Fire Magic     | 4 5 6 8 9 10 11 12 | 12.3
Short Blades   | 1 2 4 6 7 |  7.6
Translocations | 2 |  2.8
Shields        | 5 7 9 10 | 10.0
Evocations     | 4 6 7 8 9 |  9.0
Dodging        | |  1.7
Stealth        | |  1.7
Invocations    | |  0.6

Action                     |  1- 3 |  4- 6 |  7- 9 | 10-12 | 13-15 || total
---------------------------+-------+-------+-------+-------+-------++-------
  Melee: Unarmed           |    20 |       |       |       |       ||    20
         Tailslap          |     5 |     6 |     2 |     8 |    40 ||    61
         Short sword       |    29 |    54 |    17 |    78 |   264 ||   442
         Punch             |       |       |       |     1 |       ||     1
   Cast: Foxfire           |    91 |    96 |    38 |    54 |     1 ||   280
         Searing Ray       |     5 |     4 |    41 |    21 |    35 ||   106
         Magic Dart        |     2 |       |    26 |    11 |     7 ||    46
         Volatile Blastmot |       |     2 |       |    90 |       ||    92
         Scorch            |       |       |   132 |   204 |    31 ||   367
         Flame Wave        |       |       |       |    27 |     3 ||    30
         Inner Flame       |       |       |       |     6 |     1 ||     7
         Starburst         |       |       |       |     7 |   200 ||   207
 Invoke: Channel Magic     |       |       |     1 |       |       ||     1
Ability: Breathe Dispellin |       |       |     5 |     5 |    10 ||    20
  Evoke: Wand              |       |       |       |    13 |    11 ||    24
    Use: Scroll            |     6 |     4 |     8 |     8 |    10 ||    36
         Potion            |       |     1 |     5 |     6 |    16 ||    28
   Stab: Sleeping          |     1 |     1 |       |       |       ||     2
         Invisible         |       |       |       |       |     1 ||     1
 Armour: Skin              |    18 |    70 |    53 |   206 |   188 ||   535
  Dodge: Dodged            |    41 |    75 |    78 |   174 |   207 ||   575
  Block: Buckler           |       |       |       |    86 |   195 ||   281
